AoeStats
← Dougladhnn

Arena

509713636Analyzed
4v4 RM · 6d ago on Sep 27, 2026· 21m 40s· 8 players
Game mode
Random Map
Map size
Large (8 player)
Population
200
Speed
Normal
Resources
Standard
Victory
Conquest
Starting age
Dark Age
Ending age
Imperial Age
RankedLock teamsTeams togetherTeam positionsShared explorationLock speedFull tech treeHidden civsTurbo modeCheats
Victory
Defeat
🇧🇷 Ethiopians · Brazil
726
+15
🇦🇷 Malians · Argentina
674
+17
🇦🇷 Mongols · Argentina
656
+18
🇦🇷 Teutons · Argentina
646
+19
🇵🇰 Bengalis · Pakistan
742
-19
🇪🇸 Khmer · Spain
732
-18
🇮🇹 Byzantines · Italy
699
-17
🇧🇷 Burgundians · Brazil
646
-15
Francis
0:28 Loom
13:06 Feudal Age
13:37 Horse Collar
14:05 Double-Bit Axe
20:15 Castle Age
18:34 Gold Mining
19:09 Fletching
19:19 Padded Archer Armor
20:12 Stone Mining
20:23 Elite Skirmisher
21:28 Bow Saw
XxjesulizxX
0:56 Loom
10:56 Feudal Age
12:22 Wheelbarrow
11:35 Double-Bit Axe
11:33 Horse Collar
19:50 Castle Age
20:51 Hand Cart
Jumpshot
2:14 Loom
11:42 Feudal Age
10:32 Double-Bit Axe
11:41 Wheelbarrow
10:54 Horse Collar
13:21 Bow Saw
14:50 Heavy Plow
15:58 Gold Mining
17:00 Stone Mining
17:20 Scale Barding Armor
komailvidz
1:21 Loom
13:12 Feudal Age
Dougladhnn
12:59 Feudal Age
14:05 Horse Collar
14:14 Double-Bit Axe
18:57 Castle Age
18:08 Gold Mining
18:11 Stone Mining
19:37 Wheelbarrow
19:56 Heavy Plow
20:31 Bow Saw
Tsunami
9:59 Feudal Age
8:15 Loom
14:55 Castle Age
14:45 Wheelbarrow
14:49 Horse Collar
15:00 Double-Bit Axe
15:41 Stone Mining
19:36 Gold Mining
20:06 Fletching
22:01 Bodkin Arrow
22:14 Padded Archer Armor
Narubl
6:35 Loom
11:04 Feudal Age
12:32 Double-Bit Axe
13:00 Horse Collar
19:56 Castle Age
20:35 Wheelbarrow
19:49 Town Watch
pablonahuels_
2:40 Loom
10:40 Feudal Age
17:42 Castle Age
17:18 Horse Collar
18:16 Double-Bit Axe
20:13 Gold Mining
20:14 Stone Mining
Connection lost

Rejoining the realm…

Still unreachable

The connection could not be restored.

Session expired

The server has moved on; the page needs a fresh start.